 Dungeon Crawl Stone Soup version 0.28.0-53-g5a82cb258f (webtiles) character file.

Game seed: 16853598782700612145

616 Peloso the Covered (level 7, 0/91 HPs)
             Began as a Minotaur Fighter on Aug 6, 2022.
             Killed by divine providence
             ... invoked by an orc priest
              (13 damage)
             ... on level 5 of the Dungeon.
             The game lasted 00:05:31 (2976 turns).

Peloso the Covered (Minotaur Fighter)               Turns: 2976, Time: 00:05:31

Health: 0/91       AC: 23    Str: 25 (27) XL:     7   Next: 21%
Magic:  6/6        EV:  2    Int:  3 (5)  God:
Gold:   146        SH:  4    Dex: 10 (11) Spells: 6/6 levels left

rFire   . . .      SeeInvis .   a - +0 long sword
rCold   . . .      Faith    .   c - +0 buckler
rNeg    . . .      Spirit   .   (armour currently unavailable)
rPois   +          Reflect  .   (helmet currently unavailable)
rElec   .          Harm     .   (cloak currently unavailable)
rCorr   .          Rampage  .   (gloves currently unavailable)
Will    .....      NoTele   +   (boots currently unavailable)
Stlth   +.........              n - amulet of regeneration
HPRegen 1.05/turn               s - +6 ring of strength
MPRegen 0.10/turn               (no ring)

@: tree-form
A: stationary, stasis, torment immunity, boosted hp, (horns 2), (retaliatory
headbutt)
a: no special abilities


You were on level 5 of the Dungeon.
You were a tree.
You visited 1 branch of the dungeon, and saw 5 of its levels.

You collected 231 gold pieces.
You spent 85 gold pieces at shops.

Inventory:

Hand Weapons
 a - a +0 long sword (weapon)
Armour
 b - a +0 scale mail (melded)
 c - a +0 buckler (worn)
Jewellery
 n - an amulet of regeneration (around neck)
 s - a +6 ring of strength (left branch)
 u - a ring of protection from fire
 x - a ring of protection from fire
Scrolls
 e - a scroll of enchant weapon {unknown}
 g - a scroll of immolation {unknown}
 h - a scroll of teleportation
 k - a scroll of identify {unknown}
 m - a scroll of blinking
 o - a scroll of holy word {unknown}
 r - a scroll of fear {unknown}
 t - a scroll of silence {unknown}
 v - a scroll of amnesia {unknown}
Potions
 d - a potion of might
 f - 2 potions of brilliance {unknown}
 i - 3 potions of degeneration
 j - 2 potions of lignification
 l - a potion of curing {unknown}
 p - a potion of haste {unknown}
 q - a potion of heal wounds {unknown}
 w - 2 potions of mutation {unknown}


   Skills:
 + Level 5.0 Fighting
 + Level 6.2 Long Blades
 + Level 6.3 Armour
 + Level 1.5 Dodging
 + Level 0.6 Stealth
 + Level 4.6 Shields


You had 6 spell levels left.
You didn't know any spells.
Your spell library was empty.

Dungeon Overview and Level Annotations

Branches:
Dungeon (5/15)
 Temple: D:4-7

Altars:
Makhleb

Shops:
D:1 *   D:2 (?:(   D:3 [


Innate Abilities, Weirdness & Mutations

You are a tree.
Your roots penetrate the ground, keeping you stationary.
You cannot be teleported.
You are immune to unholy pain and torment.
Your maximum health is greatly increased.
Your equipment is partially melded.
((You have a pair of horns on your head.))
((You reflexively headbutt those who attack you in melee.))


Message History

You hit the orc priest but do no damage.
The orc priest hits you with a +0 falchion.
The orc priest mumbles some strange prayers to Beogh against you.
Beogh smites you!
You hit the orc priest.
The orc priest is moderately wounded.
The orc priest mumbles some strange prayers to Beogh against you.
Pain shoots through your body!
* * * LOW HITPOINT WARNING * * *
You closely miss the orc priest.
The orc priest is moderately wounded.
The orc priest hits you with a +0 falchion.
* * * LOW HITPOINT WARNING * * *
You block the orc priest's attack.
It was a potion of lignification.
You turn into a tree.
Your +0 scale mail melds into your body.
Your roots penetrate the ground.
The sky beast flickers out of sight!
Deactivating autopickup; reactivate with Ctrl-A.
The orc priest hits you but does no damage.
You barely miss the orc priest.
The orc priest is moderately wounded.
The orc priest hits you but does no damage.
You barely miss the orc priest.
The orc priest is moderately wounded.
The orc priest casts a cantrip, but nothing happens.
The orc priest completely misses you.
You hit the orc priest.
The orc priest is heavily wounded.
The orc priest invokes the aid of Beogh against you.
Beogh smites you!
* * * LOW HITPOINT WARNING * * *
It was a potion of degeneration.
There was something very wrong with that liquid.
You feel weakened.
You feel dopey.
You feel clumsy.
The orc priest hits you but does no damage.
You hit the orc priest.
The orc priest is severely wounded.
The orc priest calls down the wrath of Beogh upon you.
Beogh smites you!
You die...

### #.# . #'# ..
#######.########### ...
..................##
......#######...........
..... #.........##
.....{#######..........#
....5oo♣................
###########..(...###.#..
#......# #.##. #......#
#.##. #......# #.##.
#......# #.##. #......#
#.... ######## ####. #)


You could see 2 orc priests and a shadow imp.

Vanquished Creatures
  3 black bears
  2 phantoms (D:5)
  A hound (D:4)
  An orc priest (D:5)
  An orc wizard (D:5)
  A hound zombie (D:5)
  2 adders
  2 worms (D:2)
  2 dart slugs
  4 orcs
  9 endoplasms
  3 giant cockroaches
  5 goblins
  2 hobgoblins
  9 jackals
  6 kobolds
  2 quokkas
  2 ball pythons
  6 bats
  8 rats
71 creatures vanquished.

Vanquished Creatures (others)
  4 toadstools (D:1)
4 creatures vanquished.

Grand Total: 75 creatures vanquished

Notes
Turn   | Place    | Note
-------+----------+-------------------------------------------
     0 | D:1      | Peloso the Minotaur Fighter began the quest for the Orb.
     0 | D:1      | Reached XP level 1. HP: 19/19 MP: 0/0
     5 | D:1      | Found a faded altar of an unknown god.
   147 | D:1      | Reached XP level 2. HP: 23/27 MP: 1/1
   420 | D:1      | Found Oschikezo's Assorted Antiques.
   443 | D:1      | Bought a scroll labelled ENOUNASASK for 22 gold pieces
   443 | D:1      | Bought a scroll labelled DOUSI HUMOZO for 22 gold pieces
   599 | D:1      | Reached XP level 3. HP: 30/33 MP: 2/2
   730 | D:2      | Found Ymigex's Weapon Emporium.
   896 | D:2      | Found Muufol's Magic Scroll Shop.
  1014 | D:2      | Found Valothrac's Book Shop.
  1156 | D:2      | Found a burning altar of Makhleb.
  1309 | D:2      | Reached XP level 4. HP: 40/40 MP: 3/3
  1334 | D:2      | Found Duher's Weapon Shoppe.
  1523 | D:1      | Bought a scroll labelled ZUANIEQ FUMM for 22 gold pieces
  1523 | D:1      | Bought a fizzy green potion for 19 gold pieces
  1686 | D:3      | Found Votia's Armour Shoppe.
  1777 | D:3      | Noticed a black bear
  1788 | D:3      | Killed a black bear
  1789 | D:3      | Reached XP level 5. HP: 38/47 MP: 4/4
  2090 | D:4      | Noticed a black bear
  2099 | D:4      | Killed a black bear
  2100 | D:4      | Reached skill level 5 in Long Blades
  2100 | D:4      | Reached skill level 5 in Armour
  2100 | D:4      | Reached XP level 6. HP: 49/53 MP: 5/5
  2342 | D:4      | Reached skill level 1 in Dodging
  2700 | D:5      | Entered Level 5 of the Dungeon
  2871 | D:5      | Reached XP level 7. HP: 53/60 MP: 6/6
  2955 | D:5      | Reached skill level 5 in Fighting
  2976 | D:5      | Killed from afar by an orc priest

Illustrated notes

Levels and vault maps discovered:
D:1:      ldierk_water_garden, layout_basic, ebering_ecumenical_altar_rust,
          serial_shops, shop, minmay_3d_cube
D:2:      layout_loops_cross, serial_shops, shop,
          nicolae_shop_bloodbath_and_beyond, shop, shop, basic_altar
D:3:      layout_rooms, serial_shops, nicolae_lakefront_shop
D:4:      layout_cave_pods
D:5:      layout_basic, serial_shops, nicolae_shop_advertising_works
          [nicolae_subvault_shop_adworks], dk_noncrumbling_2, minmay_small_thing

Skill      XL: |  1  2  3  4  5  6  7 |
---------------+----------------------+-----
Shields        | 4 |  4.6
Fighting       | 4 5 |  5.0
Armour         | 4 5 6 |  6.3
Long Blades    | 3 4 5 6 |  6.2
Dodging        | 1 |  1.5
Stealth        | |  0.6

Action                   |  1- 3 |  4- 6 |  7- 9 || total
-------------------------+-------+-------+-------++-------
Melee: Long sword        |   108 |    70 |    23 ||   201
       Headbutt          |    13 |    12 |     4 ||    29
  Use: Scroll            |       |     2 |       ||     2
       Potion            |       |       |     2 ||     2
Armor: Scale mail        |    49 |    31 |     8 ||    88
       Skin              |       |       |     3 ||     3
Dodge: Dodged            |    45 |    25 |     8 ||    78
Block: Buckler           |    18 |     7 |     2 ||    27
